 Dungeon Crawl Stone Soup version 0.29.1-12-g30fa7ad0bf (webtiles) character file.

Game seed: 16897437837540916948

49 Stovokor the Chopper (level 3, -2/33 HPs)
             Began as a Minotaur Chaos Knight on Jan 3, 2023.
             Was a Plaything of Xom.
             Killed from afar by an orc wizard (5 damage)
             ... with a magic dart
             ... on level 3 of the Dungeon.
             The game lasted 00:04:17 (761 turns).

Stovokor the Chopper (Minotaur Chaos Knight)         Turns: 761, Time: 00:04:19

Health: -2/33      AC:  5    Str: 16    XL:     3   Next: 53%
Magic:  2/2        EV: 11    Int: 11    God:    Xom [....*.]
Gold:   45         SH:  0    Dex:  9    Spells: 0/2 levels left

rFire   x . .      SeeInvis .   e - +0 hand axe (flame)
rCold   + . .      Faith    .   (no shield)
rNeg    . . .      Spirit   .   b - +2 leather armour
rPois   .          Reflect  .   (helmet restricted)
rElec   .          Harm     .   (no cloak)
rCorr   .          Rampage  .   (no gloves)
Will    .....                   (no boots)
Stlth   +.........              (no amulet)
HPRegen 0.11/turn               h - ring of ice
MPRegen 0.08/turn               (no ring)

@: no status effects
A: horns 2, retaliatory headbutt
a: Renounce Religion


You were on level 3 of the Dungeon.
You worshipped Xom.
You were a beloved toy of Xom.
You visited 1 branch of the dungeon, and saw 3 of its levels.

You collected 45 gold pieces.

Inventory:

Hand Weapons
 a - a +0 hand axe of chaos
 e - a +0 hand axe of flaming (weapon)
Armour
 b - a +2 leather armour (worn)
Jewellery
 g - a ring of resist corrosion
 h - a ring of ice (left hand)
Miscellaneous
 c - a piece from Xom's chessboard (14/15)


   Skills:
 * Level 4.0 Fighting
 * Level 4.3(4.4) Axes
 * Level 1.1(2.9) Polearms
 * Level 0.2(0.7) Staves
 * Level 0.7 Throwing
 * Level 2.5 Armour
 * Level 1.3 Dodging
 * Level 0.6 Stealth
 * Level 0.3 Evocations


You couldn't memorise any spells.
You knew the following spells:

 Your Spells              Type           Power      Damage    Failure   Level
a - Blink                 Tloc           0%         N/A       54%         2

Your spell library contained the following spells:

 Spells                   Type           Power      Damage    Failure   Level
 Lesser Beckoning         Tloc           0%         N/A       77%         3
 Corpse Rot               Necr/Pois/Air  0%         N/A       99%         4
 Dispel Undead            Necr           0%         3d6       99%         4
 Manifold Assault         Tloc           0%         N/A       100%        5
 Death Channel            Necr           0%         N/A       100%        6


Dungeon Overview and Level Annotations

Branches:
Dungeon (3/15)

Altars:


Innate Abilities, Weirdness & Mutations

You have a pair of horns on your head.
You reflexively headbutt those who attack you in melee.


Message History

Unknown command.
It was a potion of attraction.
You feel attractive to monsters.
Xom thinks this is hilarious!
Something hits you.
* * * LOW HITPOINT WARNING * * *
Unknown command.
It was a potion of cancellation.
Your magical effects are unravelling.
You feel magically purged. Something hits you.
* * * LOW HITPOINT WARNING * * *
You feel less attractive to monsters.
You can't see anything.
Try to make a move anyway? [Y]es or [N]o only, please.
You can't see anything.
Try to make a move anyway?
You make a move on Xom's chessboard...
Nothing appears to happen.
Something hits you but does no damage.
You aren't carrying any scrolls.
Something hits you.
* * * LOW HITPOINT WARNING * * *
Something hits you but does no damage.
A rat comes into view.
There is an escape hatch in the floor here.
Something hits you but does no damage.
You slide downwards.
The hatch slams shut behind you.
Reactivating autopickup.
Something hits you.
* * * LOW HITPOINT WARNING * * *
Deactivating autopickup; reactivate with Ctrl-A.
Something hits you but does no damage. Something hits you but does no damage.
You barely miss something. Something completely misses you.
You hit something. You burn something.
Your headbutt misses something. "See what I see, my child!"
You detect items!
You are now a beloved toy of Xom.
You hear some strange, mumbled words.
A magic dart appears from out of thin air!
The magic dart hits you.
You die...

∆ # #. ∆ ... ....
..... #######..
......##{.......∆
∆ ........@#
......#### .....
.... ... #. .


There were no monsters in sight!

Vanquished Creatures
  2 adders (D:2)
  A dart slug (D:1)
  3 orcs (D:3)
  A bat (D:2)
  An endoplasm (D:1)
  A giant cockroach (D:1)
  4 goblins
  A hobgoblin (D:1)
  4 jackals (D:2)
  2 frilled lizards
  2 kobolds (D:2)
  A rat (D:1)
23 creatures vanquished.

Vanquished Creatures (collateral kills)
  A ball python (D:1)
1 creature vanquished.

Grand Total: 24 creatures vanquished

Notes
Turn   | Place    | Note
-------+----------+-------------------------------------------
     0 | D:1      | Stovokor the Minotaur Chaos Knight began the quest for the
                  | Orb.
     0 | D:1      | Reached XP level 1. HP: 19/19 MP: 0/0
    93 | D:1      | XOM: divination: magic mapping
   260 | D:1      | Found a faded altar of an unknown god.
   309 | D:1      | XOM: smoke on damage
   311 | D:1      | Reached XP level 2. HP: 17/27 MP: 1/1
   605 | D:2      | Reached skill level 1 in Polearms
   710 | D:2      | Reached XP level 3. HP: 30/33 MP: 2/2
   710 | D:2      | XOM: divination: detect items
   726 | D:2      | Learned a level 2 spell: Blink
   761 | D:3      | XOM: divination: detect items
   761 | D:3      | Killed from afar by an orc wizard

Illustrated notes

Levels and vault maps discovered:
D:1:      dpeg_arrival_oval, layout_basic, dreamdust_ecumenical_altar_grove,
          hex_tiny
D:2:      layout_loops_ring
D:3:      layout_rooms, serial_shops, shop, nicolae_shop_behind_doors, shop,
          nicolae_shop_hallway_stairs, uniq_robin, uniq_sigmund

Skill      XL: |  1  2  3 |
---------------+----------+-----
Axes           | 4 |  4.3
Polearms       | 1 |  1.1
Fighting       | 4 |  4.0
Staves         | |  0.2
Throwing       | |  0.7
Armour         | |  2.5
Dodging        | |  1.3
Stealth        | |  0.6
Evocations     | |  0.3

Action                   || total
-------------------------++-------
Melee: Hand axe          ||    30
       Headbutt          ||     7
Throw: Javelin           ||     6
Evoke: Piece from Xom's  ||     1
  Use: Scroll            ||     2
       Potion            ||     2
Armor: Leather armour    ||    25
Dodge: Dodged            ||    18
